PAAA
BLOOMINGTON LONGNECKS @ BAKERSFIELD NOBLES
05/29/2034
 
TOP OF THE 1ST
Bloomington Longnecks batting - Pitching for Bakersfield Nobles : RHP Oliver Rodríguez
Pitching: RHP Oliver Rodríguez
Batting: SHB Benedict Patel 0-0: Called Strike
0-1: Ground out 3-1 (Groundball, 34)
Batting: RHB Yu-shu Tseng 0-0: Ball
1-0: Ball
2-0: Foul Ball, location: 2F
2-1: Foul Ball, location: 2F
2-2: Strikes out swinging
Batting: RHB Carlos Cardona 0-0: Swinging Strike
0-1: Ball
1-1: Foul Ball, location: 2F
1-2: Strikes out looking
Top of the 1st over - 0 runs, 0 hits, 0 errors, 0 left on base; Bloomington 0 - Bakersfield 0
BOTTOM OF THE 1ST
Bakersfield Nobles batting - Pitching for Bloomington Longnecks : RHP Tony DeWitt
Pitching: RHP Tony DeWitt
Batting: RHB Dennis Wacher 0-0: Called Strike
0-1: Ball
1-1: Ball
2-1: Ball
3-1: Foul Ball, location: 2F
3-2: Base on Balls
Batting: SHB Fernando Luna 0-0: Ball
1-0: Called Strike
1-1: Ball
2-1: Ball
3-1: SINGLE (Line Drive, 4D)
Dennis Wacher to second
Batting: SHB Edward Sterrenburg 0-0: Fly out, F8 (Flyball, 8RS)
Batting: RHB Yoshihito Samurakami 0-0: Ball
1-0: Called Strike
1-1: Foul Ball, location: 2F
1-2: Ball
2-2: Grounds into double play, 5-4-3 (Groundball, 56)
Bottom of the 1st over - 0 runs, 1 hit, 0 errors, 1 left on base; Bloomington 0 - Bakersfield 0
TOP OF THE 2ND
Bloomington Longnecks batting - Pitching for Bakersfield Nobles : RHP Oliver Rodríguez
Batting: RHB Miguel Elías 0-0: Foul Ball, location: 2F
0-1: Ball
1-1: Ball
2-1: Foul Ball, location: 2F
2-2: Ball
3-2: Strikes out looking
Batting: RHB Mike Mays 0-0: Ball
1-0: Ball
2-0: Called Strike
2-1: Foul Ball, location: 2F
2-2: Ball
3-2: Ground out 6-3 (Groundball, 6S)
Batting: RHB Toussiant L'Ouverture 0-0: Ball
1-0: Ball
2-0: Called Strike
2-1: Foul Ball, location: 2F
2-2: Ball
3-2: Base on Balls
Batting: RHB Sébastien Bernard 0-0: Ball
1-0: Fly out, F7 (Line Drive, 7)
Top of the 2nd over - 0 runs, 0 hits, 0 errors, 1 left on base; Bloomington 0 - Bakersfield 0
BOTTOM OF THE 2ND
Bakersfield Nobles batting - Pitching for Bloomington Longnecks : RHP Tony DeWitt
Batting: LHB Hideki Hisanobu 0-0: Swinging Strike
0-1: Foul Ball, location: 2F
0-2: Ground out 5-3 (Groundball, 56S)
Batting: RHB Ed Adams 0-0: Called Strike
0-1: Ball
1-1: Called Strike
1-2: Strikes out swinging
Batting: SHB Terumoto Kurihara 0-0: Called Strike
0-1: Fly out, F7 (Flyball, 7)
Bottom of the 2nd over - 0 runs, 0 hits, 0 errors, 0 left on base; Bloomington 0 - Bakersfield 0
TOP OF THE 3RD
Bloomington Longnecks batting - Pitching for Bakersfield Nobles : RHP Oliver Rodríguez
Batting: LHB Daniel Faraday 0-0: Called Strike
0-1: Foul Ball, location: 2F
0-2: Ball
1-2: Strikes out swinging
Batting: RHB Eun-bum Kim 0-0: Ball
1-0: Swinging Strike
1-1: Called Strike
1-2: Strikes out swinging
Batting: SHB Benedict Patel 0-0: Ball
1-0: Ball
2-0: Called Strike
2-1: Ball
3-1: Base on Balls
Batting: RHB Yu-shu Tseng 0-0: Ball
Benedict Patel steals 2nd base
1-0: Ball
2-0: Foul Ball, location: 2F
2-1: Called Strike
2-2: Ball
3-2: Base on Balls
Batting: RHB Carlos Cardona 0-0: Swinging Strike
0-1: Ball
1-1: Called Strike
1-2: Ball
2-2: Ball
3-2: Strikes out looking
Top of the 3rd over - 0 runs, 0 hits, 0 errors, 2 left on base; Bloomington 0 - Bakersfield 0
BOTTOM OF THE 3RD
Bakersfield Nobles batting - Pitching for Bloomington Longnecks : RHP Tony DeWitt
Batting: RHB Juan Dávila 0-0: SINGLE (Line Drive, 7S)
Batting: LHB Alberto Enríquez 0-0: Called Strike
0-1: SINGLE (Flyball, 89S)
Juan Dávila to second
Runner from 2nd tries for 3rd, SAFE, no throw
Batting: RHB Dennis Wacher 0-0: Fielders Choice at 2nd, 1-6 (Groundball, 13)
Batting: SHB Fernando Luna 0-0: Called Strike
0-1: Ball
1-1: Fly out, F9 (Flyball, 9S)
Runner from 3rd tags up, OUT at HOME
Bottom of the 3rd over - 0 runs, 2 hits, 0 errors, 1 left on base; Bloomington 0 - Bakersfield 0
TOP OF THE 4TH
Bloomington Longnecks batting - Pitching for Bakersfield Nobles : RHP Oliver Rodríguez
Batting: RHB Miguel Elías 0-0: Called Strike
0-1: Ball
1-1: Ball
2-1: Foul Ball, location: 2F
2-2: Ball
3-2: Fly out, F4 (Popup, 4)
Batting: RHB Mike Mays 0-0: Called Strike
0-1: Ball
1-1: SINGLE (Line Drive, 7LS)
Batting: RHB Toussiant L'Ouverture 0-0: Ball
Mike Mays is caught stealing 2nd base
1-0: Swinging Strike
1-1: SINGLE (Flyball, 89M)
Batting: RHB Sébastien Bernard 0-0: Ball
1-0: SINGLE (Groundball, 56D)
Toussiant L'Ouverture to second
Batting: LHB Daniel Faraday 0-0: Called Strike
0-1: Called Strike
0-2: Ball
1-2: Ball
2-2: Foul Ball, location: 2F
2-2: Ball
3-2: SINGLE (Groundball, 5D)
Toussiant L'Ouverture to third
Sébastien Bernard to second
Toussiant L'Ouverture scores
Sébastien Bernard to third
Pitching: LHP Eugene Clarkston
Batting: RHB Eun-bum Kim 0-0: Ball
1-0: Ball
2-0: Called Strike
2-1: Foul Ball, location: 2F
2-2: Ball
3-2: Strikes out swinging
Top of the 4th over - 1 run, 4 hits, 0 errors, 2 left on base; Bloomington 1 - Bakersfield 0
BOTTOM OF THE 4TH
Bakersfield Nobles batting - Pitching for Bloomington Longnecks : RHP Tony DeWitt
Batting: SHB Edward Sterrenburg 0-0: Ball
1-0: Foul Ball, location: 2F
1-1: Swinging Strike
1-2: Ball
2-2: Ground out 3-1 (Groundball, 34S)
Batting: RHB Yoshihito Samurakami 0-0: Ground out 5-3 (Groundball, 56)
Batting: LHB Hideki Hisanobu 0-0: Called Strike
0-1: Swinging Strike
0-2: Ball
1-2: Fly out, F8 (Line Drive, 8RD)
Bottom of the 4th over - 0 runs, 0 hits, 0 errors, 0 left on base; Bloomington 1 - Bakersfield 0
TOP OF THE 5TH
Bloomington Longnecks batting - Pitching for Bakersfield Nobles : LHP Eugene Clarkston
Batting: SHB Benedict Patel 0-0: Foul Ball, location: 2F
0-1: Ground out 1-3 (Groundball, P)
Batting: RHB Yu-shu Tseng 0-0: Ball
1-0: Ball
2-0: Foul Ball, location: 2F
2-1: Called Strike
2-2: Ball
3-2: Strikes out looking
Batting: RHB Carlos Cardona 0-0: Called Strike
0-1: Swinging Strike
0-2: SINGLE (Groundball, 34D)
Batting: RHB Miguel Elías 0-0: Ball
1-0: Called Strike
1-1: Foul Ball, location: 2F
1-2: Fly out, F5 (Line Drive, 56)
Top of the 5th over - 0 runs, 1 hit, 0 errors, 1 left on base; Bloomington 1 - Bakersfield 0
BOTTOM OF THE 5TH
Bakersfield Nobles batting - Pitching for Bloomington Longnecks : RHP Tony DeWitt
Batting: RHB Ed Adams 0-0: Ball
1-0: Ball
2-0: Ground out U3 (Groundball, 34)
Batting: SHB Terumoto Kurihara 0-0: Ball
1-0: Swinging Strike
1-1: Swinging Strike
1-2: SINGLE (Line Drive, 89S)
Batting: RHB Juan Dávila 0-0: Ball
1-0: Swinging Strike
1-1: Ball
2-1: Ball
3-1: Base on Balls
Terumoto Kurihara to second
Batting: LHB Alberto Enríquez 0-0: Ball
1-0: Grounds into double play, 4-6-3 (Groundball, 34)
Bottom of the 5th over - 0 runs, 1 hit, 0 errors, 1 left on base; Bloomington 1 - Bakersfield 0
TOP OF THE 6TH
Bloomington Longnecks batting - Pitching for Bakersfield Nobles : LHP Eugene Clarkston
Batting: RHB Mike Mays 0-0: Swinging Strike
0-1: Swinging Strike
0-2: Ball
1-2: Ball
2-2: Ball
3-2: Strikes out swinging
Batting: RHB Toussiant L'Ouverture 0-0: Ball
1-0: Called Strike
1-1: Swinging Strike
1-2: Ball
2-2: Foul Ball, location: 2F
2-2: Ball
3-2: Base on Balls
Batting: RHB Sébastien Bernard 0-0: Called Strike
0-1: Ball
1-1: Foul Ball, location: 2F
1-2: Ball
2-2: Foul Ball, location: 2F
2-2: SINGLE (Groundball, 6MD)
Toussiant L'Ouverture to second
Batting: LHB Daniel Faraday 0-0: Called Strike
0-1: Ball
1-1: Called Strike
1-2: Ball
2-2: Strikes out swinging
Batting: RHB Eun-bum Kim 0-0: Called Strike
0-1: Swinging Strike
0-2: Foul Ball, location: 2F
0-2: Ball
1-2: Ball
2-2: Fielders Choice at 2nd, 5-4 (Groundball, 5)
Top of the 6th over - 0 runs, 1 hit, 0 errors, 2 left on base; Bloomington 1 - Bakersfield 0
BOTTOM OF THE 6TH
Bakersfield Nobles batting - Pitching for Bloomington Longnecks : RHP Tony DeWitt
Batting: RHB Dennis Wacher 0-0: Called Strike
0-1: Ground out 6-3 (Groundball, 6)
Batting: SHB Fernando Luna 0-0: Foul Ball, location: 2F
0-1: Ball
1-1: Foul Ball, location: 2F
1-2: Fly out, F8 (Flyball, 8LM)
Batting: SHB Edward Sterrenburg 0-0: DOUBLE (Groundball, 3L)
Batting: RHB Yoshihito Samurakami 0-0: Ball
1-0: Ball
2-0: Called Strike
2-1: Ball
3-1: Ground out 6-3 (Groundball, 6)
Bottom of the 6th over - 0 runs, 1 hit, 0 errors, 1 left on base; Bloomington 1 - Bakersfield 0
TOP OF THE 7TH
Bloomington Longnecks batting - Pitching for Bakersfield Nobles : LHP Eugene Clarkston
Batting: SHB Benedict Patel 0-0: Called Strike
0-1: Called Strike
0-2: Strikes out looking
Batting: RHB Yu-shu Tseng 0-0: Swinging Strike
0-1: Ball
1-1: Swinging Strike
1-2: Foul Ball, location: 2F
1-2: Strikes out swinging
Batting: RHB Carlos Cardona 0-0: Ball
1-0: Ball
2-0: Called Strike
2-1: Foul Ball, location: 2F
2-2: Foul Ball, location: 2F
2-2: Ball
3-2: Fly out, F8 (Flyball, 8RM)
Top of the 7th over - 0 runs, 0 hits, 0 errors, 0 left on base; Bloomington 1 - Bakersfield 0
BOTTOM OF THE 7TH
Bakersfield Nobles batting - Pitching for Bloomington Longnecks : RHP Tony DeWitt
Batting: LHB Hideki Hisanobu 0-0: Ball
1-0: Ball
2-0: TRIPLE (Line Drive, 78XD)
Pinch Hitting: LHB Jesús Reyes 0-0: Called Strike
0-1: Ball
1-1: Called Strike
1-2: Foul Ball, location: 2F
1-2: Ball
2-2: Ball
3-2: Ground out 4-3 (Groundball, 4)
Batting: SHB Terumoto Kurihara 0-0: Ground out 5-3 (Groundball, 2L)
Batting: RHB Juan Dávila 0-0: Foul Ball, location: 2F
0-1: Ball
1-1: Swinging Strike
1-2: Ball
2-2: Strikes out swinging
Bottom of the 7th over - 0 runs, 1 hit, 0 errors, 1 left on base; Bloomington 1 - Bakersfield 0
TOP OF THE 8TH
Bloomington Longnecks batting - Pitching for Bakersfield Nobles : LHP Eugene Clarkston
Pitching: RHP Dave Hulton
Now at 1B: Jesús Reyes
Batting: RHB Miguel Elías 0-0: Ball
1-0: Fly out, F7 (Flyball, 78M)
Batting: RHB Mike Mays 0-0: Fly out, F8 (Line Drive, 8LM)
Batting: RHB Toussiant L'Ouverture 0-0: Called Strike
0-1: Foul Ball, location: 2F
0-2: Ground out 5-3 (Groundball, 56)
Top of the 8th over - 0 runs, 0 hits, 0 errors, 0 left on base; Bloomington 1 - Bakersfield 0
BOTTOM OF THE 8TH
Bakersfield Nobles batting - Pitching for Bloomington Longnecks : RHP Tony DeWitt
Now at 1B: Rob Gray
Batting: LHB Alberto Enríquez 0-0: Swinging Strike
0-1: Ball
1-1: Foul Ball, location: 2F
1-2: Ground out U3 (Groundball, 3)
Batting: RHB Dennis Wacher 0-0: Called Strike
0-1: Ball
1-1: Foul Ball, location: 2F
1-2: SINGLE (Line Drive, 56D)
Pitching: RHP Jeff Solís
Batting: SHB Fernando Luna 0-0: Ball
Dennis Wacher steals 2nd base
1-0: Ball
2-0: Swinging Strike
2-1: Foul Ball, location: 2F
2-2: Foul Ball, location: 2F
2-2: Ball
3-2: Base on Balls
Batting: SHB Edward Sterrenburg 0-0: Ball
Fernando Luna is caught stealing 2nd base
1-0: Foul Ball, location: 2F
1-1: Fly out, F6 (Popup, P)
Bottom of the 8th over - 0 runs, 1 hit, 0 errors, 1 left on base; Bloomington 1 - Bakersfield 0
TOP OF THE 9TH
Bloomington Longnecks batting - Pitching for Bakersfield Nobles : RHP Dave Hulton
Batting: RHB Sébastien Bernard 0-0: Foul Ball, location: 2F
0-1: Ball
1-1: Called Strike
1-2: SINGLE (Groundball, 6MD)
Batting: RHB Rob Gray 0-0: Bunt missed!
0-1: Ball
1-1: Ball
2-1: Sac Bunt - play at first, batter OUT! 2-4
Sébastien Bernard to second
Batting: RHB Eun-bum Kim 0-0: Foul Ball, location: 2F
0-1: Ball
1-1: Ball
2-1: Swinging Strike
2-2: Strikes out looking
Batting: SHB Benedict Patel 0-0: Swinging Strike
0-1: Ball
1-1: Foul Ball, location: 2F
1-2: Strikes out looking
Top of the 9th over - 0 runs, 1 hit, 0 errors, 1 left on base; Bloomington 1 - Bakersfield 0
BOTTOM OF THE 9TH
Bakersfield Nobles batting - Pitching for Bloomington Longnecks : RHP Jeff Solís
Pitching: RHP Mark Zaugg
Batting: RHB Yoshihito Samurakami 0-0: Foul Ball, location: 2F
0-1: Foul Ball, location: 2F
0-2: Ground out 4-3 (Groundball, 4)
Batting: LHB Hideki Hisanobu 0-0: SINGLE (Flyball, 9LS)
Batting: LHB Jesús Reyes 0-0: Called Strike
Hideki Hisanobu steals 2nd base
0-1: Ball
1-1: Ball
2-1: Ball
3-1: Base on Balls
Batting: SHB Terumoto Kurihara 0-0: Ball
1-0: Foul Ball, location: 2F
1-1: Ball
2-1: Ball
3-1: Foul Ball, location: 2F
3-2: SINGLE (Line Drive, 3D)
Hideki Hisanobu to third
Jesús Reyes to second
Runner from 3rd tries for Home, throw and OUT!
Batting: RHB Juan Dávila 0-0: Swinging Strike
0-1: Swinging Strike
0-2: Strikes out looking
Bottom of the 9th over - 0 runs, 2 hits, 0 errors, 2 left on base; Bloomington 1 - Bakersfield 0
Friday, March 29th, 2019 - OOTP Baseball 18.8 Build 76